 Dungeon Crawl Stone Soup version 0.21-a0-638-g11b2e07010 (webtiles) character file.

1949 NixNut the Summoner (level 8, -1/34 HPs)
             Began as a Felid Summoner on Dec 30, 2017.
             Was a Priest of Sif Muna.
             Slain by a shadow (11 damage)
             ... on level 11 of the Dungeon.
             The game lasted 01:49:46 (15899 turns).

NixNut the Summoner (Felid Summoner)               Turns: 15899, Time: 01:49:46

Health: -1/34      AC:  4    Str:  4    XL:     8   Next: 99%
Magic:  19/19      EV: 20    Int: 20    God:    Sif Muna [***...]
Gold:   189        SH:  0    Dex: 18    Spells: 7/21 levels left
                                        Lives:  0   Deaths: 2

rFire    . . .     SeeInvis +   (weapon unavailable)
rCold    + + .     Gourm    .   (shield unavailable)
rNeg     . . .     Faith    .   (armour unavailable)
rPois    .         Spirit   .   (helmet unavailable)
rElec    .         Reflect  .   (cloak unavailable)
rCorr    .         Harm     .   (gloves unavailable)
MR       ++...                  (boots unavailable)
Stlth    +++.......             g - amulet of magic regeneration
HPRegen  0.11/turn              b - ring of protection from cold
MPRegen  0.41/turn              o - ring of protection from cold

@: quick
A: very small, no armour, no weapons or thrown items, stealth, claws 1, fangs 3,
icy blue scales 1, see invisible, agile 1, carnivore, speed 1, magic resistance
1, shaggy fur 2, slow metabolism 1, sharp paws
a: Divine Energy, Channel Magic, Renounce Religion


You were on level 11 of the Dungeon.
You worshipped Sif Muna.
Sif Muna was most pleased with you.
You were not hungry.

You visited 2 branches of the dungeon, and saw 12 of its levels.
You also visited: Ossuary.

You collected 429 gold pieces.
You spent 240 gold pieces at shops.

Inventory:

Jewellery
 b - a ring of protection from cold (left paw)
 g - an amulet of magic regeneration (around neck)
 o - a ring of protection from cold (right paw)
Wands
 k - a wand of enslavement (12)
 p - a wand of iceblast (16)
Scrolls
 c - 2 scrolls of magic mapping
 d - 6 scrolls of identify
 n - 2 scrolls of enchant weapon
 s - a scroll of fear {unknown}
 v - 2 scrolls of random uselessness
 w - a scroll of vulnerability {unknown}
 y - a scroll of holy word
 A - a scroll of blinking {unknown}
Potions
 e - 5 potions of flight
 f - 2 potions of brilliance
 h - 2 potions of lignification
 j - a potion of cancellation {unknown}
 l - 8 potions of heal wounds
 m - a potion of magic {unknown}
 r - 6 potions of ambrosia
 u - 2 potions of haste
 x - 2 potions of curing
Books
 a - a book of Callings

   Spells                             Type                      Level
   a - Summon Small Mammal            Summoning                    1
   b - Call Imp                       Summoning                    2
   c - Call Canine Familiar           Summoning                    3
   d - Summon Guardian Golem          Hexes/Summoning              3
   e - Summon Lightning Spire         Summoning/Air                4
   f - Summon Ice Beast               Ice/Summoning                4
 q - Kikubaaqudgha's Volume of Evil Magic
   (You found it on level 5 of the Dungeon)

   Spells                             Type                      Level
   a - Pain                           Necromancy                   1
 t - a book of Cantrips

   Spells                             Type                      Level
   a - Confusing Touch                Hexes                        1
   b - Animate Skeleton               Necromancy                   1
   c - Summon Small Mammal            Summoning                    1
   d - Apportation                    Translocation                1
Comestibles
 i - 14 rations


   Skills:
 + Level 3.4 Fighting
 - Level 4.2 Dodging
 - Level 2.6 Stealth
 + Level 7.2 Spellcasting
 * Level 11.4 Summonings
 - Level 3.1 Air Magic


You had 7 spell levels left.
You knew the following spells:

 Your Spells              Type           Power        Failure   Level  Hunger
a - Summon Small Mammal   Summ           ####         1%          1    None
b - Call Imp              Summ           ######..     1%          2    None
c - Summon Guardian Gole  Hex/Summ       ####....     2%          3    #......
d - Summon Lightning Spi  Summ/Air       #####...     4%          4    ###....
e - Summon Ice Beast      Ice/Summ       ####....     9%          4    ###....


Dungeon Overview and Level Annotations

Branches:
Dungeon (12/15)            Temple (0/1) D:5            Lair (1/6) D:8
    Orc: D:9-12

Altars:
Elyvilon
Kikubaaqudgha
Makhleb
Nemelex Xobeh
Okawaru
Qazlal
Sif Muna
Vehumet
Wu Jian
Xom
Zin
The Shining One

Shops:
D:5 [   D:8 %(

Annotations:
D:11 NihilVerum's ghost, legendary DsGl; Urug


Innate Abilities, Weirdness & Mutations

You cannot wear armour.
You are incapable of wielding weapons or throwing items.
Your paws allow you to move quietly. (Stealth)
You have sharp claws.
You have razor-sharp teeth.
You have supernaturally acute eyesight. (SInv)
You are carnivorous and can eat meat at any time.
You cover ground quickly.
You are covered in thick fur. (AC +2)
You have a slow metabolism.
Your sharp claws are effective at attacking unaware monsters.
You are partially covered in icy blue scales. (AC +2)
You are agile. (Dex +2)
You are resistant to hostile enchantments. (MR+)


Message History

The bolt of electricity hits Urug.
Your lightning spire shoots out a bolt of lightning at Urug!
The bolt of electricity hits Urug.
Urug screams at your lightning spire, "Prepare for a defeathering!"
Your lightning spire shoots out a bolt of lightning at Urug!
The bolt of electricity hits Urug.
Urug mutters, "Sometimes I wonder if they all really are harpies."
A shadow comes into view.
Urug hits your lightning spire but does no damage.
Your lightning spire shoots out a bolt of lightning at Urug!
The bolt of electricity hits Urug.
Urug hits your lightning spire with a scimitar of holy wrath.
The shadow slips into darkness.
The shadow flickers and vanishes for a moment.
Urug hits your lightning spire with a scimitar of holy wrath!
A wyvern comes into view.
Urug hits your lightning spire with a scimitar of holy wrath!!
Your lightning spire is destroyed!
The shadow hits you!
You die...

#..# #..# #
#..#########..####
#.................
#######....:............
........<####>.#########
.......).# #..# #
#######.(# #..# #
#o(####..# # #@.......#
# #W.......# #..####..#
#..# #..# #l.# #..# #..#
#..# ...# #..# ..... ..#


You could see Urug, a wyvern and a shadow (invisible).

Vanquished Creatures
  An orc (D:3)
  A ball python (D:3)
  2 bats
  A hobgoblin (D:1)
  A jackal (D:5)
  2 frilled lizards
  A goblin (D:1)
  2 rats
11 creatures vanquished.

Vanquished Creatures (collateral kills)
  A hydra (Lair:1)
  A two-headed ogre (D:8)
  A cyclops (D:12)
  2 spiny frogs (Lair:1)
  The ghost of brujo666 the Shield-Bearer, an amateur FoFi (D:4)
  Grinder (D:3)
  2 hippogriffs
  Sigmund (D:3)
  A wyvern (D:6)
  Eustachio (D:5)
  2 humans (D:9)
  A hungry ghost (D:8)
  A water moccasin (Lair:1)
  4 sky beasts
  A black bear (D:9)
  A hornet zombie (D:8)
  2 phantoms (D:6)
  6 orc warriors
  2 ice beasts (D:5)
  3 ogres
  A centaur (D:12)
  2 crocodiles (Lair:1)
  A big kobold (D:9)
  2 bullfrogs
  A water moccasin skeleton (D:4)
  A scorpion (D:6)
  4 killer bees (D:8)
  A bullfrog zombie (D:8)
  3 centaur zombies (Ossuary)
  2 crimson imps
  3 quasits
  4 orc priests
  2 hounds
  A bullfrog skeleton (D:5)
  A jelly (D:8)
  3 centaur skeletons
  Jessica (D:3)
  3 iguanas
  10 orc wizards
  4 worker ants
  A hound zombie (D:8)
  A howler monkey zombie (D:6)
  6 mummies (Ossuary)
  6 adders
  7 gnolls (D:6)
  An adder zombie (D:5)
  An adder skeleton (D:4)
  7 worms
  2 dart slugs (D:2)
  5 leopard geckos
  15 orcs
  10 giant cockroaches
  9 goblins
  5 hobgoblins
  3 jackals
  9 kobolds
  3 quokkas
  2 ball pythons (D:1)
  7 bats
  9 frilled lizards
  2 hobgoblin zombies (Ossuary)
  A quokka skeleton (D:4)
  6 rats
203 creatures vanquished.

Vanquished Creatures (others)
  A wraith (D:6)
1 creature vanquished.

Grand Total: 215 creatures vanquished

Notes
Turn   | Place    | Note
-------+----------+-------------------------------------------
     0 | D:1      | NixNut the Felid Summoner began the quest for the Orb.
     0 | D:1      | Reached XP level 1. HP: 7/7 MP: 4/4
   533 | D:1      | Reached XP level 2. HP: 11/11 MP: 0/6
   537 | D:1      | Learned a level 2 spell: Call Imp
  2518 | D:2      | Reached XP level 3. HP: 14/14 MP: 3/7
  3648 | D:3      | Noticed Jessica
  3669 | D:3      | Killed Jessica
  4029 | D:3      | Noticed Grinder
  4058 | D:3      | Paralysed by Grinder for 5 turns
  4149 | D:3      | Killed Grinder
  4149 | D:3      | Reached skill level 5 in Summonings
  4149 | D:3      | Reached XP level 4. HP: 18/18 MP: 7/9
  4149 | D:3      | Reached XP level 5. HP: 21/21 MP: 7/10
  4990 | D:3      | Noticed Sigmund
  5153 | D:3      | Killed Sigmund
  5153 | D:3      | Reached skill level 6 in Summonings
  5153 | D:3      | Gained mutation: You are covered in thick fur. (AC +2) [Felid growth]
  5153 | D:3      | Reached XP level 6. HP: 15/24 MP: 10/12
  5271 | D:3      | Learned a level 3 spell: Summon Guardian Golem
  5580 | D:4      | Found a burning altar of Makhleb.
  5764 | D:4      | Noticed brujo666's ghost (amateur FoFi)
  5778 | D:4      | Killed brujo666's ghost
  6377 | D:5      | Entered Level 5 of the Dungeon
  6425 | D:5      | Found an iron altar of Okawaru.
  6446 | D:5      | Noticed an orc warrior
  6461 | D:5      | Noticed a sky beast
  6507 | D:5      | Shot with an arrow by a centaur
  6508 | D:5      | Reached XP level 5. HP: -5/21 MP: 6/11
  6755 | D:5      | Reached XP level 6. HP: 24/24 MP: 11/13
  6764 | D:5      | Noticed a sky beast
  6786 | D:5      | Killed an orc warrior
  6786 | D:5      | Reached skill level 7 in Summonings
  6898 | D:5      | Killed a sky beast
  6946 | D:5      | Killed a sky beast
  7067 | D:5      | Found Ducid's Armour Boutique.
  7314 | D:5      | Noticed Eustachio
  7387 | D:5      | Killed Eustachio
  7576 | D:5      | Reached XP level 7. HP: 27/27 MP: 14/14
  7902 | D:5      | Found a radiant altar of Vehumet.
  7909 | D:5      | Found an ancient bone altar of Kikubaaqudgha.
  8019 | D:5      | Reached skill level 8 in Summonings
  8160 | D:5      | Found a deep blue altar of Sif Muna.
  8173 | D:5      | Identified Kikubaaqudgha's Volume of Evil Magic
  8184 | D:5      | Became a worshipper of Sif Muna the Loreminder
  8232 | D:5      | Found a staircase to the Ecumenical Temple.
  8613 | D:6      | Found an ornate altar of the Wu Jian Council.
  8631 | D:6      | Noticed a wyvern
  8646 | D:6      | Killed a wyvern
  9291 | D:6      | Reached skill level 5 in Spellcasting
  9297 | D:6      | Learned a level 4 spell: Summon Lightning Spire
  9351 | D:6      | Noticed a wraith
  9383 | D:6      | Killed a wraith
  9784 | D:6      | Found a sparkling altar of Nemelex Xobeh.
  9788 | D:6      | Found a stormy altar of Qazlal.
  9790 | D:6      | Found a shimmering altar of Xom.
 10228 | D:6      | Reached XP level 8. HP: 31/31 MP: 16/16
 10297 | D:6      | Reached skill level 9 in Summonings
 10585 | D:6      | Noticed a hippogriff
 10617 | D:6      | Killed a hippogriff
 10823 | D:7      | Found a glowing golden altar of the Shining One.
 10880 | D:7      | Reached skill level 1 in Air Magic
 10990 | D:7      | Found a sand-covered staircase.
 10999 | Ossuary  | Entered an ossuary
 11105 | Ossuary  | Reached * piety under Sif Muna
 11337 | D:7      | Found a white marble altar of Elyvilon.
 11338 | D:7      | Found a glowing silver altar of Zin.
 11343 | D:7      | Found a glowing golden altar of the Shining One.
 11972 | D:7      | Gained mutation: You are partially covered in icy blue scales. (AC +2) [potion of mutation]
 11972 | D:7      | Gained mutation: You are resistant to hostile enchantments. (MR+) [potion of mutation]
 11972 | D:7      | Gained mutation: You are agile. (Dex +2) [potion of mutation]
 12385 | D:8      | Found a staircase to the Lair.
 12428 | D:8      | Found Yxter's Food Shop.
 12627 | D:8      | Bought a ration for 60 gold pieces
 12627 | D:8      | Bought a ration for 60 gold pieces
 12627 | D:8      | Bought a ration for 60 gold pieces
 12627 | D:8      | Bought a ration for 60 gold pieces
 12628 | D:8      | Noticed a hippogriff
 12636 | D:8      | Killed a hippogriff
 12642 | D:8      | Learned a level 4 spell: Summon Ice Beast
 12736 | D:8      | Noticed a two-headed ogre
 12745 | D:8      | Killed a two-headed ogre
 12745 | D:8      | Reached ** piety under Sif Muna
 12745 | D:8      | Reached skill level 10 in Summonings
 12759 | D:8      | Reached XP level 9. HP: 34/34 MP: 0/19
 13549 | D:8      | Found Egutain's Weapon Shoppe.
 13650 | Lair:1   | Entered Level 1 of the Lair of Beasts
 13652 | Lair:1   | Noticed a spiny frog
 13655 | Lair:1   | Noticed a spiny frog
 13661 | Lair:1   | Killed a spiny frog
 13661 | Lair:1   | Reached skill level 1 in Fighting
 13682 | Lair:1   | Killed a spiny frog
 13766 | Lair:1   | Noticed a five-headed hydra
 13784 | Lair:1   | Killed a five-headed hydra
 13865 | Lair:1   | Reached *** piety under Sif Muna
 13865 | Lair:1   | Reached skill level 11 in Summonings
 14836 | D:9      | Found an iron altar of Okawaru.
 14976 | D:9      | You fall through a shaft for 3 floors!
 15116 | D:12     | Noticed a cyclops
 15140 | D:12     | Killed a cyclops
 15459 | D:12     | HP: 1/38 [centaur/arrow (7)]
 15801 | D:11     | Noticed NihilVerum's ghost (legendary DsGl)
 15846 | D:11     | Noticed a two-headed ogre
 15869 | D:11     | Annihilated by a two-headed ogre
 15870 | D:11     | Reached XP level 8. HP: -22/34 MP: 2/19
 15880 | D:11     | Noticed Urug
 15899 | D:11     | Slain by a shadow

Vault maps used:
D:1:      dpeg_arrival_renting, serial_bayou_pond_d
D:3:      first_ration, kennysheep_nondescript, st_stairs_8, uniq_jessica,
          uniq_grinder, uniq_sigmund
D:4:      serial_glass, glass_columns_c, glass_columns_b, glass_columns_c,
          glass_columns_a, bloody_makhleb
D:5:      grunt_temple_overflow_magic_moments, nicolae_overflow_crystal_walls,
          temple_hall, serial_shops, nicolae_shop_stone, uniq_eustachio
D:6:      overflow_temple_1_default, grunt_temple_overflow_open
D:7:      good_gods_temple_1, nicolae_ossuary_entry_ruins, grunt_ogre_cave,
          tso_metal_star
D:8:      lair_entry_dummy, serial_shops, shop, shop
D:9:      minmay_the_grid_4x2, okawaru_humans, uniq_prince_ribbit1
D:11:     david_orc_3, serial_shops, shop, portal_ice_cave_entry_pillars_1,
          uniq_urug
Ossuary:  ossuary_the_hunt_dpeg

Skill      XL: |  1  2  3  4  5  6  7  8  9 |
---------------+----------------------------+-----
Dodging        | 3 4 |  4.2
Summonings     | 5 6 7 8 10 11 | 11.4
Spellcasting   | 4 5 6 7 |  7.2
Air Magic      | 2 3 |  3.1
Fighting       | 3 |  3.4
Stealth        | |  2.6

Action                   |  1- 3 |  4- 6 |  7- 9 || total
-------------------------+-------+-------+-------++-------
Melee: Unarmed           |    18 |    17 |    25 ||    60
       Bite              |       |     2 |     3 ||     5
 Cast: Summon Small Mamm |    66 |    48 |    44 ||   158
       Call Imp          |    77 |    95 |   111 ||   283
       Summon Guardian G |       |    12 |    16 ||    28
       Summon Lightning  |       |       |    37 ||    37
       Summon Ice Beast  |       |       |    55 ||    55
  Use: Potion            |       |     1 |     3 ||     4
       Scroll            |       |       |    15 ||    15
 Stab: Sleeping          |     4 |     2 |     2 ||     8
       Distracted        |     1 |       |     4 ||     5
  Eat: Chunk             |     8 |    13 |    20 ||    41
       Ration            |     3 |       |     6 ||     9
Armor: Skin              |     3 |     5 |    11 ||    19
Dodge: Dodged            |    36 |    53 |    95 ||   184

Table legend:
 A = Spawn XP
 B = Non-spawn XP
 C = Spawn XP percentage of total XP
 D = Spawn monster count
 E = Non-spawn monster count
 F = Spawn count percentage of total count
 G = Total turns spent on level
                    A         B        C        D         E        F      G
               +---------+---------+-------+---------+---------+-------+---------
         Total |       0 |    5751 |   0.0 |       0 |     215 |   0.0 | 15899
               +---------+---------+-------+---------+---------+-------+---------
           D:1 |       0 |      26 |   0.0 |       0 |      25 |   0.0 |  1821
           D:2 |       0 |      36 |   0.0 |       0 |      18 |   0.0 |  1824
           D:3 |       0 |     323 |   0.0 |       0 |      30 |   0.0 |  1769
           D:4 |       0 |     242 |   0.0 |       0 |      16 |   0.0 |   963
           D:5 |       0 |     624 |   0.0 |       0 |      26 |   0.0 |  2148
           D:6 |       0 |     689 |   0.0 |       0 |      23 |   0.0 |  2245
           D:7 |       0 |     294 |   0.0 |       0 |      10 |   0.0 |  1375
           D:8 |       0 |    1182 |   0.0 |       0 |      26 |   0.0 |  1345
           D:9 |       0 |     378 |   0.0 |       0 |      11 |   0.0 |   389
          D:11 |       0 |     131 |   0.0 |       0 |       2 |   0.0 |   102
          D:12 |       0 |     554 |   0.0 |       0 |      10 |   0.0 |   821
        Lair:1 |       0 |    1143 |   0.0 |       0 |       7 |   0.0 |   857
       Ossuary |       0 |     129 |   0.0 |       0 |      11 |   0.0 |   240
               +---------+---------+-------+---------+---------+-------+---------
